 Dungeon Crawl Stone Soup version 0.30-a0-465-g8901f6c8b5 (webtiles) character file.

Game seed: 4676839711226568680

24544 ryw the Grappler (level 12, -2/119 HPs)
             Began as a Troll Gladiator on Dec 18, 2022.
             Was the Champion of Okawaru.
             Slain by a seven-headed hydra (8 damage)
             ... on level 1 of the Lair of Beasts.
             The game lasted 00:29:13 (13378 turns).

ryw the Grappler (Troll Gladiator)                 Turns: 13378, Time: 00:29:14

Health: -2/119     AC:  6    Str: 36    XL:     12   Next: 81%
Magic:  15/15      EV: 15    Int:  4    God:    Okawaru [******]
Gold:   328        SH: 10    Dex: 11    Spells: 14/16 levels left

rFire   + . .      SeeInvis .      - Unarmed
rCold   . . .      Faith    +    B - +2 kite shield
rNeg    . . .      Spirit   .    G - +1 robe "Sugiem" {*Slow Str+7}
rPois   .          Reflect  .    b - +0 hat
rElec   .          Harm     .    o - +0 cloak
rCorr   .          Rampage  .    (gloves unavailable)
Will    .....                    (boots unavailable)
Stlth   +.........               t - amulet of faith
HPRegen 1.19/turn                j - ring of protection from fire
MPRegen 0.14/turn                v - +4 ring of evasion

@: about to teleport, marked
A: large, unfitting armour, claws 3, regeneration 1, shaggy fur 1, tough skin 1
a: Renounce Religion, Heroism, Finesse, Duel


You were on level 1 of the Lair of Beasts.
You worshipped Okawaru.
Okawaru was exalted by your worship.
You visited 3 branches of the dungeon, and saw 14 of its levels.
You also visited: Ossuary.

You collected 638 gold pieces.
You spent 310 gold pieces at shops.

Inventory:

Hand Weapons
 u - a +0 spear
Missiles
 c - 3 throwing nets
 d - 7 large rocks (quivered)
Armour
 b - a +0 hat (worn)
 o - a +0 cloak (worn)
 y - +0 steam dragon scales
 B - a +2 kite shield (worn)
 D - a +0 robe of willpower
 G - the +1 robe "Sugiem" (worn) {*Slow Str+7}
   (You found it on level 9 of the Dungeon)

   Str:       It affects your strength (+7).
   *Slow:     It may slow you when you take damage.
Jewellery
 j - a ring of protection from fire (left claw)
 t - an amulet of faith (around neck)
 v - a +4 ring of evasion (right claw)
 L - a ring of flight
 M - a +4 ring of protection
Wands
 a - a wand of flame (15)
 n - a wand of charming (8)
 A - a wand of mindburst (13)
Scrolls
 e - 2 scrolls of magic mapping
 k - 5 scrolls of amnesia
 p - a scroll of vulnerability
 w - 3 scrolls of poison
 x - 3 scrolls of immolation
 E - a scroll of teleportation
 F - a scroll of enchant weapon {unknown}
 K - 3 scrolls of fear {unknown}
Potions
 f - 10 potions of curing
 g - 3 potions of ambrosia
 h - 3 potions of attraction
 i - a potion of resistance
 l - 3 potions of heal wounds
 m - 5 potions of mutation
 q - 2 potions of invisibility
 r - 4 potions of magic
 s - 4 potions of flight
 z - 3 potions of brilliance
 C - 2 potions of might
 H - 3 potions of degeneration
 I - a potion of berserk rage
 J - a potion of lignification


   Skills:
 + Level 7.6 Fighting
 - Level 8.0 Throwing
 + Level 3.7 Armour
 + Level 7.9 Dodging
 + Level 5.3 Shields
 * Level 12.9 Unarmed Combat
 + Level 2.7 Spellcasting
 + Level 3.0 Transmutations


You had 14 spell levels left.
You knew the following spells:

 Your Spells              Type           Power      Damage    Failure   Level
a - Wereblood             Tmut           3%         N/A       38%         2

Your spell library contained the following spells:

 Spells                   Type           Power      Damage    Failure   Level
 Beastly Appendage        Tmut           6%         N/A       26%         1
 Freeze                   Ice            0%         1d3       67%         1
 Spider Form              Tmut/Pois      1%         N/A       83%         3
 Frozen Ramparts          Ice            0%         1d1       96%         3
 Hailstorm                Conj/Ice       0%         3d3       96%         3
 Vhi's Electric Charge    Tloc/Air       0%         N/A       96%         3
 Arcjolt                  Conj/Air       0%         1d10      100%        5
 Maxwell's Capacitive Co  Air            0%         ∞         100%        8
 Chain Lightning          Conj/Air       0%         N/A       100%        9
 Fire Storm               Conj/Fire      0%         5d1       100%        9
 Shatter                  Erth           0%         3d5*      100%        9


Dungeon Overview and Level Annotations

Branches:
Dungeon (11/15)            Temple (1/1) D:5            Lair (2/5) D:10
    Orc (0/2) D:11        Ossuary (visited)
  Swamp: Lair:2-3    Shoals: Lair:2-3     Snake: Lair:2-3    Spider: Lair:2-3

Altars:
Ashenzari
Cheibriados
Dithmenos
Elyvilon
Fedhas
Gozag
Hepliaklqana
Kikubaaqudgha
Makhleb
Nemelex Xobeh
Okawaru
Qazlal
Ru
Sif Muna
Trog
Uskayaw
Vehumet
Wu Jian
Xom
Yredelemnul
Zin
The Shining One

Shops:
D:5 !   D:7 !

Annotations:
D:11 1 runed translucent door


Innate Abilities, Weirdness & Mutations

You are too large for most types of armour.
You have claws for hands.
Your natural rate of healing is unusually fast.
You are covered in fur. (AC +1)
You have tough skin. (AC +1)


Message History

Throw: 8 large rocks
Press: ? - help, Q - select action, (/) - cycle Shift-Dir - straight line, f - seven-headed hydra
Aim: a seven-headed hydra (81% to hit)
You throw a large rock.
The large rock barely misses the seven-headed hydra.
You block the seven-headed hydra's attack.
The seven-headed hydra completely misses you.
The seven-headed hydra bites you! The seven-headed hydra bites you.
The seven-headed hydra bites you!
The seven-headed hydra bites you but does no damage.
You block the seven-headed hydra's attack.
The seven-headed hydra barely misses you.
The seven-headed hydra bites you!
* * * LOW HITPOINT WARNING * * *
The seven-headed hydra bites you!
* * * LOW HITPOINT WARNING * * *
The seven-headed hydra closely misses you.
The seven-headed hydra bites you!
* * * LOW HITPOINT WARNING * * *
The seven-headed hydra bites you!
* * * LOW HITPOINT WARNING * * *
The seven-headed hydra completely misses you.
You feel much better.
The seven-headed hydra barely misses you.
The seven-headed hydra completely misses you.
The seven-headed hydra bites you!
* * * LOW HITPOINT WARNING * * *
You block the seven-headed hydra's attack.
The seven-headed hydra barely misses you.
The seven-headed hydra bites you!
* * * LOW HITPOINT WARNING * * *
The seven-headed hydra misses you.
As you read the scroll of teleportation, it crumbles to dust.
You feel strangely unstable.
You block the seven-headed hydra's attack.
The seven-headed hydra closely misses you.
The seven-headed hydra bites you.
* * * LOW HITPOINT WARNING * * *
The seven-headed hydra bites you!
You die...

#.#......................
#
#.#####..................
♣#
#.#####.................#
~♣##
#..#P##................##
~~~#
#.#.(....................
P~~#
#........................
~~~♣
#........................
~P~♣##
##.##.#D.................
P≈~♣~#
######.@................
≈≈~~##
#...................
~≈≈~~#
##..................
~≈≈≈~♣
#..................
~P≈~~♣
#...............~..
~~≈~♣♣
#...<........~~~~..
~~~~~♣#
##.........#..~♣~~♣.
~~P~~~#
#............[#.♣~##
~~~~~♣###
####..........).....#≈


You could see a seven-headed hydra.

Vanquished Creatures
  A boulder beetle (D:11)
  A two-headed ogre (D:10)
  Amaemon (D:8)
  Pikel (D:6)
  A cyclops (D:11)
  An ugly thing (D:10)
  An orange demon (D:7)
  2 black mambas (Lair:1)
  6 cane toads (Lair:1)
  A rime drake (Lair:1)
  3 komodo dragons
  A troll (D:11)
  A hornet (D:10)
  Prince Ribbit (D:6)
  A polar bear (Lair:2)
  7 wraiths
  13 yaks
  A shadow (D:9)
  3 wyverns
  24 fire bats
  Grum (D:8)
  4 vampire mosquitoes (D:11)
  Menkaure (D:7)
  2 steam dragons
  Edmund (D:6)
  An acid dragon (D:10)
  8 water moccasins
  Duvessa (D:6)
  A sky beast (D:7)
  8 orc warriors
  4 black bears
  An ogre (D:4)
  5 ice beasts
  8 wolves
  4 centaurs
  A lemure (D:6)
  3 phantoms
  A kobold brigand (D:7)
  10 bullfrogs
  2 necrophages
  4 gnoll sergeants
  2 scorpions
  13 wights (D:8)
  Dowan (D:6)
  21 killer bees
  5 electric eels (Lair:1)
  2 howler monkeys (D:11)
  A lava snake (Lair:1)
  A quasit (D:6)
  5 hounds (D:5)
  3 gnoll boudas (D:5)
  8 orc priests
  Crazy Yiuf (D:2)
  2 human zombies (Ossuary)
  3 jellies
  6 iguanas
  15 orc wizards
  5 hell rats (Lair:1)
  4 mummies (Ossuary)
  28 gnolls
  6 adders
  12 river rats (Lair:1)
  2 shadow imps
  3 white imps
  6 ufetubi
  A worm (D:2)
  6 dart slugs
  35 orcs
  7 ball pythons
  97 bats
  10 endoplasms
  3 giant cockroaches
  4 goblins
  9 hobgoblins
  10 jackals
  10 kobolds
  9 quokkas
  6 frilled lizards
  A goblin zombie (Ossuary)
  A jackal zombie (Ossuary)
  2 kobold zombies (Ossuary)
  4 orc zombies (Ossuary)
  18 rats
  2 rat zombies (Ossuary)
532 creatures vanquished.

Vanquished Creatures (others)
  5 fungi (Lair:1)
  50 plants
55 creatures vanquished.

Grand Total: 587 creatures vanquished

Notes
Turn   | Place    | Note
-------+----------+-------------------------------------------
     0 | D:1      | ryw the Troll Gladiator began the quest for the Orb.
     0 | D:1      | Reached XP level 1. HP: 19/19 MP: 0/0
    57 | D:1      | Reached XP level 2. HP: 28/28 MP: 1/1
   152 | D:1      | Reached XP level 3. HP: 35/35 MP: 2/2
   528 | D:2      | Identified the +6 sling of Hospitality {drain, Str+3}
   563 | D:2      | Reached XP level 4. HP: 38/42 MP: 3/3
   608 | D:2      | Found the +5 demon whip "Spellbinder" {antimagic, Will+}
   716 | D:2      | Reached skill level 4 in Unarmed Combat
   926 | D:2      | Found a runed translucent door.
   927 | D:2      | Noticed Crazy Yiuf
  1028 | D:2      | Killed Crazy Yiuf
  1072 | D:2      | Reached XP level 5. HP: 50/50 MP: 4/4
  1957 | D:4      | Noticed an ogre
  1964 | D:4      | Killed an ogre
  1965 | D:4      | Reached skill level 5 in Unarmed Combat
  1965 | D:4      | Reached XP level 6. HP: 36/59 MP: 5/5
  2622 | D:5      | Entered Level 5 of the Dungeon
  2697 | D:5      | Noticed an ice beast
  2709 | D:4      | Killed an ice beast
  2710 | D:4      | Reached XP level 7. HP: 39/67 MP: 6/6
  2832 | D:5      | Found Pilon's Distillery.
  2843 | D:5      | Bought a potion of curing for 36 gold pieces
  2843 | D:5      | Bought a potion of curing for 36 gold pieces
  3032 | D:5      | Reached skill level 6 in Unarmed Combat
  3129 | D:5      | Found a staircase to the Ecumenical Temple.
  3144 | Temple   | Entered the Ecumenical Temple
  3222 | D:5      | Found a sand-covered staircase.
  3231 | Ossuary  | Entered an ossuary
  3697 | D:5      | Reached XP level 8. HP: 72/78 MP: 7/7
  3865 | D:5      | Reached skill level 7 in Unarmed Combat
  4839 | D:6      | Reached skill level 5 in Throwing
  4839 | D:6      | Reached skill level 5 in Dodging
  4839 | D:6      | Reached skill level 8 in Unarmed Combat
  4914 | D:6      | Found an iron altar of Okawaru.
  4928 | D:6      | Noticed Edmund
  4938 | D:6      | Reached XP level 9. HP: 50/85 MP: 8/8
  4945 | D:6      | Killed Edmund
  5106 | D:6      | Noticed Prince Ribbit
  5297 | D:6      | Killed Prince Ribbit
  5431 | D:6      | Noticed Dowan
  5435 | D:6      | Noticed Duvessa
  5443 | D:6      | Killed Duvessa
  5459 | D:6      | Killed Dowan
  5720 | D:6      | Reached skill level 5 in Fighting
  5723 | D:6      | Reached skill level 9 in Unarmed Combat
  6002 | D:7      | Noticed Pikel
  6041 | D:6      | Killed Pikel
  6352 | D:7      | Found Vonifunu's Distillery.
  6360 | D:7      | Bought a potion of heal wounds for 70 gold pieces
  6371 | D:7      | Noticed Menkaure
  6375 | D:7      | Killed Menkaure
  6376 | D:7      | Reached XP level 10. HP: 63/96 MP: 9/9
  6573 | D:6      | Became a worshipper of Warmaster Okawaru
  6697 | D:7      | Found a sacrificial altar of Ru.
  6854 | D:7      | Reached skill level 10 in Unarmed Combat
  7139 | D:7      | Reached skill level 1 in Shields
  7273 | D:7      | Reached * piety under Okawaru
  7420 | D:8      | Noticed Grum
  7430 | D:8      | Killed Grum
  7697 | D:8      | Noticed Amaemon
  7697 | D:8      | Noticed an orange demon
  7709 | D:8      | HP: 2/91 [Amaemon/+1 demon whip of venom (6)]
  7791 | D:7      | Killed an orange demon
  7879 | D:8      | Killed Amaemon
  7879 | D:8      | Reached ** piety under Okawaru
  8097 | D:8      | Found a glowing golden altar of the Shining One.
  8097 | D:8      | Found a shimmering blue altar of Sif Muna.
  8136 | D:8      | Reached skill level 11 in Unarmed Combat
  8163 | D:8      | Reached *** piety under Okawaru
  8266 | D:8      | Found a shadowy altar of Dithmenos.
  8271 | D:8      | Reached XP level 11. HP: 106/107 MP: 10/10
  8573 | D:5      | Bought a potion of might for 48 gold pieces
  8573 | D:5      | Bought 2 potions of heal wounds for 120 gold pieces
  9020 | D:9      | Identified the +0 leather armour of Sif Muna's Outrage
                  | {*Corrode Str+9 SInv}
  9429 | D:9      | Learned a level 2 spell: Wereblood
  9451 | D:9      | Identified the +1 robe "Sugiem" {*Slow Str+7}
  9683 | D:9      | Received a gift from Okawaru
  9807 | D:10     | Entered Level 10 of the Dungeon
  9904 | D:10     | Found a basalt altar of Yredelemnul.
  9904 | D:10     | Found a staircase to the Lair.
  9983 | D:10     | Reached skill level 1 in Armour
 10074 | D:10     | Found an opulent altar of Gozag.
 10157 | D:10     | Paralysed by a hornet for 3 turns
 10294 | D:10     | Found a hazy altar of Hepliaklqana.
 10523 | D:10     | Noticed a two-headed ogre
 10528 | D:10     | Killed a two-headed ogre
 10528 | D:10     | Reached **** piety under Okawaru
 10528 | D:10     | Received a gift from Okawaru
 10547 | D:10     | Reached skill level 1 in Transmutations
 10692 | D:11     | Noticed a cyan ugly thing
 10692 | D:11     | Found a shimmering altar of Xom.
 10704 | D:10     | Killed a cyan ugly thing
 10704 | D:10     | Received a gift from Okawaru
 10705 | D:10     | Reached skill level 1 in Spellcasting
 10945 | D:11     | Reached ***** piety under Okawaru
 10961 | D:11     | Found a staircase to the Orcish Mines.
 11042 | D:11     | Noticed a boulder beetle
 11064 | D:11     | Killed a boulder beetle
 11087 | D:11     | Found an opulent altar of Gozag.
 11122 | D:11     | Found a runed translucent door.
 11186 | D:11     | Noticed a flayed ghost
 11196 | D:11     | Found a blossoming altar of Fedhas.
 11259 | D:11     | Received a gift from Okawaru
 11292 | D:11     | Found a shimmering blue altar of Sif Muna.
 11370 | D:11     | Found an ancient bone altar of Kikubaaqudgha.
 11382 | D:11     | Reached skill level 12 in Unarmed Combat
 11408 | D:11     | Found a bloodstained altar of Trog.
 11420 | D:11     | Reached XP level 12. HP: 102/118 MP: 13/13
 11452 | D:11     | Found a hide-covered altar of Uskayaw.
 11477 | D:11     | Received a gift from Okawaru
 11979 | Lair:1   | Entered Level 1 of the Lair of Beasts
 12093 | Lair:1   | Reached ****** piety under Okawaru
 12261 | Lair:1   | Received a gift from Okawaru
 12644 | Lair:1   | Reached skill level 5 in Shields
 13364 | Lair:2   | Noticed a seven-headed hydra
 13376 | Lair:1   | HP: 5/119 [seven-headed hydra (9)]
 13378 | Lair:1   | Slain by a seven-headed hydra

Illustrated notes

Levels and vault maps discovered:
D:1:      wheals_arrival_shading, layout_rooms, nicolae_grassy_gnolls
D:2:      layout_basic, uniq_crazy_yiuf_cottage
D:3:      layout_loops_cross, kennysheep_flooded_box
D:4:      layout_basic
D:5:      layout_cave_pools, minmay_temple_entry_proselytizer,
          nicolae_ossuary_entry_monument, serial_gnoll_camp,
          gnoll_camp_huts_basic, gnoll_camp_mini_hut, gnoll_camp_mini_doghouse,
          gnoll_camp_mini_shop, gnoll_camp_mini_sergeant, gnoll_camp_mini_house
D:6:      layout_gridville, mainiacjoe_overflow_catwalk, serial_demonic,
          serial_demonic_e, serial_demonic_f, serial_demonic_g,
          serial_demonic_f, uniq_duvessa, uniq_edmund, uniq_prince_ribbit1
D:7:      layout_loops_cross, nicolae_ru_great_annihilating_truth, serial_shops,
          nicolae_shop_temple_entry_statues_fountains, serial_glass,
          glass_columns_b, glass_columns_a, reono_crystal_passage,
          hangedman_minor_gate_pass, uniq_menkaure, uniq_pikel
D:8:      layout_basic, grunt_dithmenos_shadows,
          mainiacjoe_overflow_large_starburst, uniq_grum, uniq_amaemon
D:9:      layout_long_grid, small_statue_intersection
D:10:     layout_roguey, nicolae_hepliaklqana_hippocampus, grunt_gozag_statues,
          lemuel_tele_altar
D:11:     due_megacathedral, layout_loops_cross, minmay_orc_entry_temple_small,
          xom_teletrap_fun
Temple:   zaba_magenta_temple
Lair:1:   lemuel_ratsnest, layout_gridlike, serial_bayou, serial_bayou_lagoon_a,
          serial_bayou_pond_b, serial_bayou_pond_d, serial_bayou_ford_a
Lair:2:   layout_regular_city, minmay_shoals_entry_centaurs, dummy_spider_entry,
          infiniplex_staircase_pool_2, grunt_megastairs_3, serial_bayou_shore_a

Skill      XL: |  1  2  3  4  5  6  7  8  9 10 11 12 |
---------------+-------------------------------------+-----
Throwing       | 2 3 4 5 6 7 8 |  8.0
Fighting       | 2 3 4 5 6 7 |  7.6
Unarmed Combat | 4 5 6 8 9 11 12 | 12.9
Dodging        | 3 4 5 6 7 |  7.9
Shields        | 2 4 5 |  5.3
Armour         | 2 3 |  3.7
Transmutations | 2 3 |  3.0
Spellcasting   | 1 2 |  2.7

Action                   |  1- 3 |  4- 6 |  7- 9 | 10-12 || total
-------------------------+-------+-------+-------+-------++-------
Melee: Unarmed           |    90 |   114 |   392 |   943 ||  1539
       Punch             |     1 |     4 |    14 |     1 ||    20
Throw: Large rock        |       |       |     2 |    15 ||    17
       Throwing net      |       |       |       |     2 ||     2
 Cast: Wereblood         |       |       |       |     1 ||     1
Evoke: Wand              |       |       |     4 |       ||     4
  Use: Scroll            |       |     5 |    11 |    11 ||    27
       Potion            |       |     1 |     9 |     8 ||    18
 Stab: Invisible         |       |       |       |     1 ||     1
       Paralysed         |       |       |       |     1 ||     1
Armor: Robe              |    31 |    32 |   134 |   268 ||   465
       Skin              |       |       |     2 |       ||     2
       Steam dragon scal |       |       |       |     9 ||     9
Dodge: Dodged            |    72 |    56 |   266 |   655 ||  1049
Block: Kite shield       |       |       |       |   572 ||   572

Table legend: (Time is in decaauts)
 A = Elapsed time spent in this place.
 B = Non-inter-level travel time spent in this place.
 C = Inter-level travel time spent in this place.
 D = Time resting spent in this place.
 E = Time spent auto-exploring this place.
 F = Levels seen in this place.
 G = Mean time per level.
                   A        B        C        D        E       F      G
               +--------+--------+--------+--------+--------+-----+--------+
         Total |  13250 |  12234 |   1016 |   1631 |   7283 |  15 |  883.3 |
       Dungeon |  11696 |  10715 |    981 |   1580 |   6313 |  11 | 1063.3 |
        Temple |     73 |     55 |     18 |      0 |     50 |   1 |   73.0 |
          Lair |   1312 |   1296 |     16 |     51 |    828 |   2 |  656.0 |
       Ossuary |    167 |    167 |      0 |      0 |     92 |   1 |  167.0 |
               +--------+--------+--------+--------+--------+-----+--------+

Top non-repeatable levels by time:
     D:6: 1808 daAuts
     D:5: 1370 daAuts
    D:11: 1241 daAuts
  Lair:1: 1237 daAuts
     D:7: 1218 daAuts
     D:4: 1121 daAuts
     D:8: 1112 daAuts
     D:9: 1018 daAuts
    D:10: 1004 daAuts
     D:2: 779 daAuts
     D:3: 557 daAuts
     D:1: 464 daAuts
 Ossuary: 167 daAuts
  Lair:2: 75 daAuts
  Temple: 73 daAuts
